AoeStats
← Jasius

Black Forest

508778516Analyzed
4v4 RM · 8d ago on Sep 24, 2026· 61m 48s· 8 players
Game mode
Random Map
Map size
Large (8 player)
Population
200
Speed
Normal
Resources
Standard
Victory
Conquest
Starting age
Dark Age
Ending age
Imperial Age
RankedLock teamsTeams togetherTeam positionsShared explorationLock speedFull tech treeHidden civsTurbo modeCheats
Victory
Defeat
737
+8
🇨🇱 Romans · Chile
634
+11
🇪🇪 Saracens · Estonia
545
+15
🇨🇴 Chinese · Colombia
463
+17
🇦🇷 Khmer · Argentina
604
-17
🇵🇪 Bengalis · Peru
536
-13
🇦🇷 Burmese · Argentina
507
-12
🇦🇷 Hindustanis · Argentina
435
-9
El Fiel
18:47 Feudal Age
24:58 Castle Age
29:39 Double-Bit Axe
33:12 Wheelbarrow
32:39 Horse Collar
33:15 Bow Saw
36:23 Imperial Age
33:56 Heavy Plow
36:21 Gold Mining
36:25 Stone Mining
37:33 Hand Cart
39:08 Two-Man Saw
38:59 Gold Shaft Mining
41:48 Crop Rotation
41:09 Town Watch
41:19 Fletching
41:29 Padded Archer Armor
41:30 Murder Holes
40:59 Pikeman
41:01 Elite Skirmisher
41:08 Light Cavalry
42:36 Town Patrol
42:55 Bloodlines
42:08 Halberdier
42:50 Squires
43:09 Arson
43:31 Husbandry
44:13 Gambesons
45:38 Forging
45:28 Scale Mail Armor
45:35 Scale Barding Armor
45:26 Bodkin Arrow
45:46 Leather Archer Armor
49:30 Caravan
50:01 Coinage
49:41 Guilds
49:34 Bracer
50:04 Ring Archer Armor
50:10 Iron Casting
49:50 Chain Mail Armor
49:55 Chain Barding Armor
49:59 Ballistics
50:40 Chemistry
50:50 Elite Ratha (Ranged)
51:55 Paiks
53:20 Conscription
54:02 Blast Furnace
54:27 Banking
61:22 Plate Barding Armor
lichoring7
11:52 Feudal Age
12:24 Double-Bit Axe
12:22 Horse Collar
14:27 Wheelbarrow
17:38 Fletching
17:56 Scale Barding Armor
19:09 Gold Mining
19:10 Stone Mining
25:57 Castle Age
24:24 Padded Archer Armor
26:43 Heavy Plow
26:56 Bow Saw
26:22 Elite Skirmisher
28:29 Stone Shaft Mining
28:32 Gold Shaft Mining
30:29 Hand Cart
30:28 Caravan
37:30 Fortified Wall
37:43 Ballistics
37:19 Guard Tower
37:57 Bloodlines
37:48 Husbandry
38:13 Chain Barding Armor
37:49 Bodkin Arrow
38:10 Leather Archer Armor
38:00 Light Cavalry
39:18 Tusk Swords
43:01 Fervor
42:52 Herbal Medicine
45:22 Forging
46:21 Crossbowman
48:22 Coinage
51:10 Imperial Age
52:11 Bracer
52:43 Ring Archer Armor
52:51 Plate Barding Armor
52:52 Iron Casting
52:51 Conscription
53:34 Double Crossbow
59:50 Hoardings
59:26 Murder Holes
60:38 Hoardings
FranCarp
14:37 Feudal Age
15:22 Double-Bit Axe
15:23 Horse Collar
23:18 Gold Mining
26:17 Castle Age
30:07 Padded Archer Armor
29:57 Fletching
30:19 Elite Skirmisher
31:20 Leather Archer Armor
38:20 Gold Shaft Mining
37:36 Stone Mining
41:37 Wheelbarrow
41:02 Bodkin Arrow
42:28 Loom
43:10 Ballistics
43:06 Masonry
42:53 Murder Holes
43:11 Fortified Wall
43:16 Heavy Plow
44:00 Stone Shaft Mining
44:03 Grand Trunk Road
44:47 Caravan
44:59 Forging
44:49 Scale Mail Armor
44:54 Scale Barding Armor
46:43 Iron Casting
46:08 Scale Mail Armor
46:14 Scale Barding Armor
48:17 Hand Cart
50:50 Imperial Age
49:19 Chain Mail Armor
51:00 Chain Barding Armor
52:48 Heavy Camel Rider
57:21 Chemistry
57:07 Plate Barding Armor
57:56 Blast Furnace
58:39 Ring Archer Armor
61:35 Bracer
Jasius
12:27 Feudal Age
19:11 Castle Age
33:13 Imperial Age
30:24 Elite Skirmisher
30:56 Fletching
31:06 Padded Archer Armor
34:44 Town Watch
34:44 Loom
35:34 Wheelbarrow
35:41 Ballistics
36:22 Chemistry
36:09 Bodkin Arrow
37:17 Bracer
38:11 Hand Cart
37:56 Town Patrol
40:39 Town Patrol
40:58 Elite Arambai
51:12 Scale Barding Armor
57:12 Chain Barding Armor
Mihkel
0:52 Loom
12:19 Feudal Age
12:50 Double-Bit Axe
12:49 Horse Collar
22:26 Castle Age
21:47 Wheelbarrow
21:01 Town Watch
23:41 Bow Saw
23:39 Caravan
24:37 Heavy Plow
25:18 Gold Mining
25:28 Stone Mining
27:05 Coinage
27:33 Gold Shaft Mining
28:23 Hand Cart
34:47 Imperial Age
32:58 Fervor
34:08 Masonry
33:54 Murder Holes
34:11 Fortified Wall
34:22 Ballistics
35:45 Squires
35:30 Arson
39:57 Two-Man Saw
39:53 Conscription
38:57 Elite Mameluke
39:54 Bimaristan
41:30 Chemistry
40:35 Town Patrol
41:24 Banking
42:14 Scale Barding Armor
42:11 Scale Mail Armor
42:21 Forging
42:02 Fletching
42:13 Padded Archer Armor
41:38 Capped Ram
41:41 Pikeman
42:08 Gambesons
42:28 Arrowslits
42:52 Siege Engineers
44:24 Thumb Ring
43:41 Crossbowman
43:44 Elite Skirmisher
45:04 Iron Casting
44:44 Chain Mail Armor
44:50 Chain Barding Armor
44:55 Siege Ram
45:09 Arbalester
45:55 Husbandry
46:05 Bloodlines
45:16 Light Cavalry
47:24 Block Printing
47:34 Sanctity
47:32 Bodkin Arrow
47:53 Leather Archer Armor
48:44 Blast Furnace
48:19 Plate Mail Armor
48:58 Hussar
49:49 Bracer
50:25 Plate Barding Armor
50:46 Ring Archer Armor
lothal
0:33 Loom
18:43 Feudal Age
27:17 Castle Age
27:32 Double-Bit Axe
27:29 Horse Collar
31:36 Bow Saw
34:47 Town Watch
38:44 Gold Mining
41:52 Imperial Age
40:49 Gold Shaft Mining
40:10 Stone Mining
41:08 Wheelbarrow
41:06 Heavy Plow
41:14 Scale Mail Armor
41:24 Forging
40:41 Man-at-Arms
40:41 Pikeman
41:26 Squires
43:16 Crop Rotation
43:09 Conscription
42:21 Heavy Scorpion
43:57 Chain Mail Armor
44:17 Iron Casting
45:01 Hand Cart
44:48 Town Patrol
45:55 Scale Barding Armor
46:32 Fortified Wall
46:34 Masonry
47:25 Chemistry
46:45 Ballistics
45:55 Long Swordsman
46:44 Ballistas
47:43 Caravan
48:16 Siege Engineers
48:35 Capped Ram
49:05 Onager
51:19 Comitatenses
50:23 Legionary
52:09 Blast Furnace
52:07 Siege Ram
59:38 Chain Barding Armor
62:28 Plate Barding Armor
62:28 Coinage
Avalon
1:02 Loom
14:17 Feudal Age
14:52 Horse Collar
15:01 Double-Bit Axe
15:54 Wheelbarrow
25:02 Castle Age
24:50 Gold Mining
24:50 Stone Mining
25:59 Hand Cart
25:48 Heavy Plow
26:02 Bow Saw
27:32 Caravan
32:44 Padded Archer Armor
32:35 Fletching
32:56 Forging
32:46 Scale Mail Armor
34:02 Fortified Wall
33:44 Heated Shot
34:35 Ballistics
34:26 Scale Barding Armor
34:37 Leather Archer Armor
34:18 Bodkin Arrow
34:29 Elite Skirmisher
36:26 Pikeman
36:28 Crossbowman
37:14 Thumb Ring
39:58 Imperial Age
39:50 Coinage
39:08 Town Watch
40:52 Chain Barding Armor
40:48 Chain Mail Armor
41:09 Iron Casting
41:53 Gold Shaft Mining
41:54 Stone Shaft Mining
40:47 Heavy Rocket Cart
42:52 Conscription
42:34 Cavalier
43:56 Elite Chu Ko Nu
45:03 Great Wall
50:19 Arbalester
50:21 Halberdier
50:22 Elite Fire Lancer
52:40 Ring Archer Armor
52:11 Bracer
55:53 Chemistry
54:44 Guard Tower
54:40 Arrowslits
56:05 Two-Man Saw
57:21 Squires
57:06 Arson
56:42 Man-at-Arms
56:55 Sappers
58:29 Bombard Tower
58:45 Keep
翻斗花园突击手刷子fores
6:50 Loom
12:04 Feudal Age
17:39 Castle Age
19:01 Fletching
19:52 Double-Bit Axe
19:49 Horse Collar
23:34 Bodkin Arrow
26:03 Heavy Plow
29:54 Bow Saw
30:49 Wheelbarrow
37:10 Imperial Age
35:55 Ballistics
40:09 Bloodlines
40:00 Husbandry
39:22 Cavalier
39:52 Pikeman
40:34 Squires
41:20 Hand Cart
41:32 Gold Mining
42:09 Conscription
41:14 Elite Conquistador
43:00 Paladin
44:56 Chemistry
44:13 Capped Ram
46:55 Caravan
48:15 Two-Man Saw
49:54 Forging
51:49 Iron Casting
51:19 Scale Barding Armor
51:16 Padded Archer Armor
52:21 Chain Barding Armor
53:32 Blast Furnace
51:57 Light Cavalry
53:06 Hussar
55:03 Plate Barding Armor
54:44 Leather Archer Armor
56:56 Halberdier
61:53 Scale Mail Armor
62:25 Ring Archer Armor
61:56 Bracer
61:48 Town Watch
Connection lost

Rejoining the realm…

Still unreachable

The connection could not be restored.

Session expired

The server has moved on; the page needs a fresh start.